 Dungeon Crawl Stone Soup version 0.21.1-1-g345015f (webtiles) character file.

9039 erloom the Fighter (level 11, -1/99 HPs)
             Began as a Demonspawn Fighter on Mar 6, 2018.
             Was a Believer of Makhleb.
             Slain by a sixfirhy (10 damage)
             ... on level 1 of the Abyss on Mar 7, 2018.
             The game lasted 00:41:57 (13647 turns).

erloom the Fighter (Demonspawn Fighter)            Turns: 13647, Time: 00:41:58

Health: -1/99      AC: 16    Str: 19    XL:     11   Next: 17%
Magic:  12/12      EV:  3    Int: 14    God:    Makhleb [**....]
Gold:   691        SH:  9    Dex: 12    Spells: 10/10 levels left

rFire    . . .     SeeInvis .   a - +2 war axe
rCold    + . .     Gourm    .   c - +0 shield
rNeg     . . .     Faith    .   l - +0 plate armour
rPois    .         Spirit   .   (no helmet)
rElec    .         Reflect  .   i - scarf {cloud immunity}
rCorr    .         Harm     .   D - +1 pair of gloves
MR       .....                  (no boots)
Stlth    ..........             (no amulet)
HPRegen  0.26/turn              (no ring)
MPRegen  0.13/turn              L - +3 ring of strength

@: very slightly contaminated
A: hooves 1, rugged brown scales 2, cold resistance 1, nightstalker 2
a: Minor Destruction, Renounce Religion


You were on level 1 of the Abyss.
You worshipped Makhleb.
Makhleb was pleased with you.
You were not hungry.

You visited 3 branches of the dungeon, and saw 13 of its levels.
You visited the Abyss 1 time.
You also visited: Sewer.

You collected 691 gold pieces.

Inventory:

Hand Weapons
 a - a +2 war axe (weapon)
 g - a +1 vampiric hand axe
 E - the +9 staff of Wucad Mu {channel}
   (You found it on level 8 of the Dungeon)
Missiles
 t - a throwing net
 w - 10 tomahawks (quivered)
Armour
 c - a +0 shield (worn)
 i - a scarf of cloud immunity (worn)
 l - a +0 plate armour (worn)
 D - a +1 pair of gloves (worn)
Jewellery
 d - an uncursed ring of ice
 z - an uncursed amulet of faith {unknown}
 L - a +3 ring of strength (right hand)
 N - an uncursed ring of ice
Wands
 b - a wand of digging (13)
 H - a wand of acid (6)
 J - a wand of disintegration (5)
 K - a wand of flame (21)
 O - a wand of enslavement (21)
Scrolls
 p - 6 scrolls of enchant armour
 s - a scroll of immolation
 v - 2 scrolls of fear
 C - a scroll of noise
 G - a scroll of amnesia
Potions
 h - 2 potions of berserk rage
 j - 2 potions of mutation {unknown}
 k - 4 potions of brilliance
 m - 3 potions of lignification {unknown}
 n - 2 potions of heal wounds
 q - 3 potions of curing
 u - 3 potions of agility {unknown}
 x - 4 potions of flight {unknown}
 A - a potion of magic {unknown}
Books
 o - a book of Power

   Spells                             Type                      Level
   a - Iskenderun's Battlesphere      Conjuration/Charms           5
   b - Venom Bolt                     Conjuration/Poison           5
   c - Bolt of Magma                  Conjuration/Fire/Earth       5
   d - Iron Shot                      Conjuration/Earth            6
   e - Orb of Destruction             Conjuration                  7
   f - Spellforged Servitor           Conjuration/Summoning        7
Miscellaneous
 M - a box of beasts
Comestibles
 f - 9 rations


   Skills:
 * Level 12.1 Fighting
 + Level 10.6 Axes
 + Level 4.4 Armour
 + Level 4.3 Shields
 + Level 1.4 Invocations


You had 10 spell levels left.
You didn't know any spells.

Dungeon Overview and Level Annotations

Branches:
Dungeon (11/15)            Temple (1/1) D:5            Lair (1/6) D:10
    Orc (0/2) D:10

Altars:
Cheibriados
Dithmenos
Kikubaaqudgha
Makhleb
Ru
Sif Muna
Trog
Uskayaw
Vehumet
Wu Jian
Xom

Shops:
D:7 [


Innate Abilities, Weirdness & Mutations

You have large cloven feet.
You are mostly covered in rugged brown scales. (AC +2, +5% HP)
Your flesh is cold resistant. (rC+)
You are significantly more attuned to the shadows.


Message History

A chorus of shrieks assaults your mind.
* * * LOW HITPOINT WARNING * * *
A starcursed mass splits.
The small abomination hits you but does no damage. x2
The sixfirhy hits you but does no damage.
The sixfirhy hits you.
* * * LOW HITPOINT WARNING * * *
The sixfirhy shocks you!
* * * LOW HITPOINT WARNING * * *
A stone giant simulacrum comes into view.
Okay, then.
Blink to where?
Press: ? - help, Dir - move target cursor You are very lightly contaminated with residual magic.
As you read the scroll of blinking, it crumbles to dust.
The sixfirhy hits you but does no damage.
The sixfirhy hits you.
* * * LOW HITPOINT WARNING * * *
The sixfirhy shocks you!
You die...

#
#.#X..#.##Z#
#.... .....#
#x..### . #
#.##X..#.#
#..X#ยง...#
#...# #.
##.#.# ##3#
.# #@## .#
#..## #..
...# .##. ..


You could see 2 starcursed masses and a sixfirhy.

Vanquished Creatures
  Fannar (D:10)
  Joseph (D:10)
  A spiny frog (Lair:1)
  The ghost of inc the Transmogrifier, a novice FeTm of Ru (D:8)
  2 trolls (D:9)
  A meliai (D:10)
  Grinder (D:6)
  A hippogriff (D:8)
  6 yaks (Lair:1)
  A wyvern (D:5)
  A basilisk (Lair:1)
  A hungry ghost (D:7)
  Grum (D:8)
  A water moccasin (Lair:1)
  3 porcupines (Lair:1)
  2 orc warriors
  A sky beast (D:5)
  An ice beast (D:8)
  3 phantoms
  3 wolves (D:8)
  5 centaurs
  6 ogres
  A crocodile (D:8)
  A big kobold (D:5)
  8 bullfrogs
  Blork the orc (D:6)
  A wyvern zombie (D:11)
  A wyvern skeleton (D:7)
  2 scorpions
  5 killer bees (D:10)
  3 howler monkeys (D:9)
  3 wights (D:10)
  2 crimson imps
  5 hounds
  2 jellies
  3 iguanas
  8 orc wizards
  A gnoll shaman (D:4)
  5 orc priests
  A bullfrog skeleton (D:5)
  An iron imp (D:7)
  3 worker ants
  A hound zombie (D:6)
  A hound skeleton (D:10)
  A howler monkey zombie (D:9)
  2 worker ant zombies
  18 gnolls
  9 adders
  5 river rats
  3 oozes
  3 adder skeletons
  3 adder zombies
  2 worms
  A dart slug (D:4)
  4 leopard geckos
  29 orcs
  6 bats
  8 giant cockroaches
  40 goblins
  23 hobgoblins
  10 jackals
  4 kobolds
  4 quokkas
  7 ball pythons
  7 frilled lizards
  A jackal zombie (D:3)
  A leopard gecko skeleton (D:3)
  15 rats
  3 plants (D:10)
312 creatures vanquished.

Vanquished Creatures (collateral kills)
  A centaur (D:10)
1 creature vanquished.

Vanquished Creatures (others)
  A fungus (Lair:1)
  A plant (Lair:1)
2 creatures vanquished.

Grand Total: 315 creatures vanquished

Notes
Turn   | Place    | Note
-------+----------+-------------------------------------------
     0 | D:1      | erloom the Demonspawn Fighter began the quest for the Orb.
     0 | D:1      | Reached XP level 1. HP: 18/18 MP: 1/1
    96 | D:1      | Gained mutation: Your flesh is cold resistant. (rC+) [demonic ancestry]
    96 | D:1      | Reached XP level 2. HP: 21/24 MP: 2/2
   532 | D:1      | Gained mutation: You are slightly more attuned to the shadows. [demonic ancestry]
   532 | D:1      | Reached XP level 3. HP: 26/29 MP: 3/3
  1250 | D:2      | Found a shadowy altar of Dithmenos.
  1378 | D:2      | Reached skill level 4 in Fighting
  1538 | D:2      | Gained mutation: You are partially covered in rugged brown scales. (AC +1, +3% HP) [demonic ancestry]
  1538 | D:2      | Reached XP level 4. HP: 29/38 MP: 4/4
  2738 | D:3      | Gained mutation: You have large cloven feet. [demonic ancestry]
  2738 | D:3      | Reached XP level 5. HP: 41/44 MP: 5/5
  2809 | D:4      | Found an ancient bone altar of Kikubaaqudgha.
  2809 | D:4      | Found a shimmering altar of Xom.
  2809 | D:4      | Found a hide-covered altar of Uskayaw.
  2809 | D:4      | Found a bloodstained altar of Trog.
  3086 | D:4      | Noticed a phantom
  3139 | D:4      | Killed a phantom
  3139 | D:4      | Reached skill level 5 in Fighting
  3180 | D:4      | Reached XP level 6. HP: 47/52 MP: 6/6
  4062 | D:5      | Entered Level 5 of the Dungeon
  4091 | D:5      | Found a glowing drain.
  4124 | Sewer    | Entered a sewer
  4493 | D:5      | Found a deep blue altar of Sif Muna.
  4557 | D:5      | Reached skill level 5 in Axes
  4575 | D:5      | Reached skill level 6 in Fighting
  4575 | D:5      | Reached XP level 7. HP: 55/59 MP: 7/7
  5155 | D:5      | Reached skill level 7 in Fighting
  5426 | D:5      | Found a basalt altar of Yredelemnul.
  5455 | D:5      | Found a sacrificial altar of Ru.
  5455 | D:5      | Found an ancient bone altar of Kikubaaqudgha.
  5458 | D:5      | Found a glowing golden altar of the Shining One.
  5458 | D:5      | Found a shimmering altar of Xom.
  5458 | D:5      | Found an ornate altar of the Wu Jian Council.
  5497 | D:5      | Noticed a wyvern
  5505 | D:5      | Killed a wyvern
  5505 | D:5      | Reached XP level 8. HP: 48/69 MP: 8/8
  5983 | D:5      | Reached skill level 8 in Fighting
  6323 | D:5      | Found a staircase to the Ecumenical Temple.
  6331 | Temple   | Entered the Ecumenical Temple
  6367 | Temple   | Became a worshipper of Makhleb the Destroyer
  6396 | D:6      | Noticed Blork the orc
  6464 | D:6      | Killed Blork the orc
  6479 | D:6      | Noticed Grinder
  6484 | D:6      | Killed Grinder
  6637 | D:6      | Gained mutation: You are mostly covered in rugged brown scales. (AC +2, +5% HP) [demonic ancestry]
  6637 | D:6      | Reached XP level 9. HP: 72/78 MP: 9/9
  6662 | D:6      | Reached skill level 9 in Fighting
  7359 | D:7      | Found a snail-covered altar of Cheibriados.
  7398 | D:7      | Reached * piety under Makhleb
  7465 | D:7      | Found Mekonirph's Antique Armour Boutique.
  8220 | D:8      | Found the +9 staff of Wucad Mu {channel}
  8232 | D:8      | Reached skill level 10 in Fighting
  8236 | D:8      | Noticed inc's ghost (novice FeTm)
  8263 | D:8      | Killed inc's ghost
  8510 | D:8      | Noticed Grum
  8527 | D:8      | Killed Grum
  8602 | D:8      | HP: 2/82 [disintegration (16)]
  9282 | D:9      | Noticed a troll
  9282 | D:9      | Reached XP level 10. HP: 86/90 MP: 10/10
  9504 | D:9      | Reached ** piety under Makhleb
  9696 | D:9      | Found a sacrificial altar of Ru.
 10337 | D:9      | Reached skill level 11 in Fighting
 10337 | D:9      | Reached skill level 10 in Axes
 10507 | D:10     | Entered Level 10 of the Dungeon
 10636 | D:10     | Found a staircase to the Lair.
 10666 | D:10     | Noticed Fannar
 10942 | Lair:1   | Entered Level 1 of the Lair of Beasts
 11106 | Lair:1   | Noticed a spiny frog
 11129 | Lair:1   | Killed a spiny frog
 11613 | D:10     | Found a staircase to the Orcish Mines.
 11614 | D:10     | Noticed Joseph
 11638 | D:10     | Killed Joseph
 11991 | D:10     | Killed Fannar
 11991 | D:10     | Reached skill level 12 in Fighting
 11991 | D:10     | Gained mutation: You are significantly more attuned to the shadows. [demonic ancestry]
 11991 | D:10     | Reached XP level 11. HP: 99/99 MP: 11/11
 12674 | D:11     | Noticed a five-headed hydra
 12827 | D:11     | Reached skill level 1 in Invocations
 12848 | D:11     | Reached *** piety under Makhleb
 13488 | D:11     | Cast into level 1 of the Abyss (meliai)
 13600 | Abyss:1  | Noticed a starcursed mass
 13621 | Abyss:1  | Noticed a sixfirhy
 13635 | Abyss:1  | Noticed a large abomination
 13647 | Abyss:1  | Slain by a sixfirhy

Skill      XL: |  1  2  3  4  5  6  7  8  9 10 11 |
---------------+----------------------------------+-----
Axes           | 2 3 4 5 6 7 9 10 | 10.6
Fighting       | 4 5 6 7 8 10 12 | 12.1
Armour         | 4 |  4.4
Shields        | 4 |  4.3
Invocations    | 1 |  1.4

Action                   |  1- 3 |  4- 6 |  7- 9 | 10-12 || total
-------------------------+-------+-------+-------+-------++-------
Melee: War axe           |   142 |   276 |   382 |   345 ||  1145
       Kick              |       |    43 |    96 |   101 ||   240
Throw: Tomahawk          |       |       |     1 |       ||     1
Evoke: Wand              |       |       |     7 |    13 ||    20
       Box of beasts     |       |       |       |     1 ||     1
       Phantom mirror    |       |       |       |     1 ||     1
  Use: Scroll            |       |     7 |     3 |    13 ||    23
       Potion            |       |       |     5 |     6 ||    11
 Stab: Distracted        |       |       |       |     2 ||     2
  Eat: Chunk             |     2 |    11 |    14 |    10 ||    37
       Ration            |       |       |     2 |     2 ||     4
Armor: Scale mail        |    79 |    20 |       |       ||    99
       Chain mail        |       |   145 |   200 |   147 ||   492
       Plate armour      |       |       |       |    58 ||    58
Dodge: Dodged            |    43 |    48 |    75 |    50 ||   216
Block: Shield            |    69 |   130 |   192 |   142 ||   533
